 Dungeon Crawl Stone Soup version 0.29.0 (webtiles) character file.

Game seed: 16979379111133839474

658 Lutefisk the Covert (level 7, -1/45 HPs)
             Began as a Vampire Brigand on Aug 25, 2022.
             Was a Follower of Wu Jian.
             Slain by a gnoll
             ... wielding a +0 flail
              (10 damage)
             ... on level 4 of the Dungeon.
             The game lasted 00:11:56 (1935 turns).

Lutefisk the Covert (Vampire Brigand)               Turns: 1935, Time: 00:11:56

Health: -1/45      AC:  3    Str: 10    XL:     7   Next: 29%
Magic:  7/7        EV: 12    Int: 13    God:    Wu Jian [*.....]
Gold:   121        SH:  0    Dex: 18    Spells: 6/6 levels left

rFire   . . .      SeeInvis +   a - +2 dagger
rCold   + + .      Faith    .   (no shield)
rNeg    + + +      Spirit   .   b - +0 robe
rPois   ∞          Reflect  .   (no helmet)
rElec   .          Harm     .   c - +0 cloak
rCorr   .          Rampage  .   (no gloves)
Will    .....                   (no boots)
Stlth   +++++++...              (no amulet)
HPRegen 0.00/turn               (no ring)
MPRegen 0.10/turn               (no ring)

@: bloodless, inhibited regen
A: bloodless, fangs 3, see invisible, vampiric 2
a: Bat Form, Revivify, Renounce Religion


You were on level 4 of the Dungeon.
You worshipped Wu Jian.
Wu Jian was aware of your devotion.
You visited 2 branches of the dungeon, and saw 5 of its levels.

You collected 121 gold pieces.

Inventory:

Hand Weapons
 a - a +2 dagger (weapon)
Missiles
 d - 14 poisoned darts
 e - 2 curare-tipped darts (quivered)
Armour
 b - a +0 robe (worn)
 c - a +0 cloak (worn)
 q - a +0 leather armour
Wands
 i - a wand of flame (14)
 s - a wand of quicksilver (6)
 u - a wand of paralysis (12)
Scrolls
 f - 2 scrolls of teleportation {unknown}
 k - a scroll of vulnerability {unknown}
 p - 2 scrolls of enchant weapon {unknown}
 r - 2 scrolls of magic mapping {unknown}
 t - 2 scrolls of identify {unknown}
 v - a scroll of blinking {unknown}
Potions
 g - 3 potions of curing {unknown}
 h - 3 potions of might {unknown}
 j - a potion of haste {unknown}
 l - a potion of attraction {unknown}
 m - a potion of degeneration {unknown}
 n - a potion of flight {unknown}
 o - a potion of cancellation {unknown}


   Skills:
 * Level 5.8 Fighting
 - Level 2.1 Short Blades
 - Level 1.5 Throwing
 - Level 1.1 Dodging
 - Level 10.0 Stealth


You had 6 spell levels left.
You didn't know any spells.
Your spell library contained the following spells:

 Spells                   Type           Power      Damage    Failure   Level
 Foxfire                  Conj/Fire      0%         2x1d4     30%         1
 Conjure Flame            Conj/Fire      0%         6-21      67%         3
 Inner Flame              Hex/Fire       0%         N/A       67%         3
 Flame Wave               Conj/Fire      0%         2d4       97%         4


Dungeon Overview and Level Annotations

Branches:
Dungeon (4/15)             Temple (1/1) D:4

Altars:
Ashenzari
Cheibriados
Fedhas
Gozag
Kikubaaqudgha
Makhleb
Nemelex Xobeh
Okawaru
Qazlal
Sif Muna
Trog
Uskayaw
Wu Jian
Xom
Yredelemnul


Innate Abilities, Weirdness & Mutations

You do not regenerate when monsters are visible.
You are frail without blood (-20% HP).
You can heal yourself when you bite living creatures.
You are immune to poison.
You have razor-sharp teeth.
You have supernaturally acute eyesight. (SInv)
You are afflicted with vampirism and can become a bat while bloodless.


Message History

You pick up a book of Flames and begin reading...
You add the spells Foxfire, Conjure Flame, Inner Flame and Flame Wave to your library.
You see here 2 poisoned darts.
Found Great Wizards, Vol.
VII.
You see here a poisoned dart.
d - 12 poisoned darts (gained 1)
A gnoll comes into view. It is wielding a +0 flail.
You see here 2 poisoned darts.
d - 14 poisoned darts (gained 2)
A goblin comes into view. It is carrying a wand of flame (11).
Things that are here:
a +0 club; a +0 chain mail; an orc skeleton The gnoll shouts! x2
You hit the gnoll. You bite the gnoll, but do no damage.
The gnoll is moderately wounded.
You hear a shout!
The gnoll hits you with a +0 flail.
You closely miss the gnoll.
The gnoll is moderately wounded.
The gnoll hits you with a +0 flail.
You hit the gnoll.
The gnoll is heavily wounded.
The gnoll hits you with a +0 flail. The gnoll attacks as you move away!
The gnoll hits you with a +0 flail!
* * * LOW HITPOINT WARNING * * *
The gnoll attacks as you move away! The gnoll barely misses you.
The gnoll attacks as you move away! The gnoll barely misses you.
Throw: 3 darts (curare)
Press: ? - help, Q - select action, (/) - cycle Shift-Dir - straight line, f - gnoll
Aim: a gnoll, wielding a +0 flail (heavily wounded, 66% to hit)
You throw a curare-tipped dart.
The curare-tipped dart closely misses the gnoll.
The curare-tipped dart hits the gnoll.
The gnoll is poisoned.
The gnoll convulses.
The gnoll seems to slow down.
The gnoll is lightly wounded.
The gnoll misses you. The gnoll attacks as you move away!
The gnoll closely misses you. The gnoll attacks as you move away!
The gnoll hits you with a +0 flail!
You die...

....# # ..# #####.(...#
....####. #######.# #....(.(...
..(.'.##.##....##.# #..........
....#.##..........# #..........
#####.##.#..#####.####..........
#####.##....)..)).)...).).......
....#.####.##.##................
###.#.####.##.########..........
..#.#....).##...@g.g....########
........)################
..#...##.# ......##.# ...##.##.#
..(...##.###### ########......#
......####.#### #####...##.#


You could see 2 gnolls.

Vanquished Creatures
  Sigmund (D:2)
  An ogre (D:4)
  A scorpion (D:4)
  A hound (D:4)
  2 orc priests (D:4)
  Terence (D:2)
  Natasha (D:2)
  An iguana (D:4)
  An orc wizard (D:4)
  4 gnolls (D:4)
  3 adders
  2 worms
  2 dart slugs (D:3)
  14 orcs
  7 ball pythons
  5 endoplasms
  2 giant cockroaches
  8 goblins
  5 hobgoblins
  2 quokkas
  7 kobolds
  7 rats
78 creatures vanquished.

Notes
Turn   | Place    | Note
-------+----------+-------------------------------------------
     0 | D:1      | Lutefisk the Vampire Brigand began the quest for the Orb.
     0 | D:1      | Reached XP level 1. HP: 16/16 MP: 1/1
    24 | D:1      | Reached skill level 6 in Stealth
    60 | D:1      | Reached XP level 2. HP: 22/23 MP: 2/2
   191 | D:1      | Found a faded altar of an unknown god.
   351 | D:2      | Noticed Sigmund
   360 | D:2      | Killed Sigmund
   361 | D:2      | Reached skill level 8 in Stealth
   361 | D:2      | Gained mutation: You are afflicted with vampirism and can
                  | become a bat while bloodless. [Vampire growth]
   361 | D:2      | Reached XP level 3. HP: 26/30 MP: 3/3
   361 | D:2      | Reached XP level 4. HP: 33/37 MP: 4/4
   361 | D:2      | Reached XP level 5. HP: 37/42 MP: 5/5
   469 | D:2      | Noticed Terence
   490 | D:2      | Killed Terence
   619 | D:2      | Reached skill level 9 in Stealth
   883 | D:2      | Noticed Natasha
   897 | D:2      | Killed Natasha
   898 | D:2      | Reached XP level 6. HP: 34/48 MP: 6/6
   969 | D:3      | Found a snail-covered altar of Cheibriados.
  1221 | D:4      | Found a staircase to the Ecumenical Temple.
  1231 | D:4      | Reached skill level 10 in Stealth
  1238 | Temple   | Entered the Ecumenical Temple
  1251 | Temple   | Became a worshipper of the Wu Jian Council
  1285 | D:4      | Found an ancient bone altar of Kikubaaqudgha.
  1314 | D:4      | Found a burning altar of Makhleb.
  1382 | D:4      | Reached skill level 5 in Fighting
  1484 | D:4      | Reached XP level 7. HP: 17/44 MP: 7/7
  1882 | D:4      | Reached * piety under Wu Jian
  1935 | D:4      | Slain by a gnoll

Illustrated notes

Levels and vault maps discovered:
D:1:      eino_arrival_water_cross, layout_basic,
          chequers_ecumenical_altar_simple_redux, st_stairs_1,
          lemuel_old_faithful
D:2:      mumra_celtic_spiral_tile, layout_basic, uniq_sigmund, uniq_natasha,
          uniq_jessica, uniq_terence
D:3:      layout_loops_ring, kennysheep_slug_shrine, nzn_hepliaklqana_mist_gate,
          lemuel_tele_altar, minmay_liquid_box
D:4:      layout_basic, vehumet_altar_wand_db,
          nicolae_kikubaaqudgha_miasma_corner, mainiacjoe_overflow_paths,
          minmay_temple_entry_sparse_star
Temple:   nicolae_temple_ecumenical_triangle

Skill      XL: |  1  2  3  4  5  6 |
---------------+-------------------+-----
Stealth        | 6 8 9 10 | 10.0
Fighting       | 2 4 5 |  5.8
Short Blades   | |  2.1
Throwing       | |  1.5
Dodging        | |  1.1

Action                   |  1- 3 |  4- 6 |  7- 9 || total
-------------------------+-------+-------+-------++-------
Melee: Dagger            |    42 |   162 |    60 ||   264
       Bite              |     5 |    16 |    10 ||    31
       Punch             |     1 |     4 |       ||     5
Throw: Dart              |     1 |    11 |    16 ||    28
Invok: Lunge             |       |     5 |     3 ||     8
 Abil: Exsanguinate      |       |     1 |       ||     1
 Stab: Sleeping          |     8 |    15 |     2 ||    25
Armor: Robe              |     8 |    16 |     8 ||    32
Dodge: Dodged            |    12 |    65 |    35 ||   112
